 Dungeon Crawl Stone Soup version 0.31.0-11-ge490571c62 (webtiles) character file.

Game seed: 14853760508921101331

138 qw the Skirmisher (level 5, 0/29 HPs)
             Began as a Deep Elf Hunter on Feb 4, 2024.
             Incinerated by a bombardier beetle (6 damage)
             ... with a burning spray
             ... on level 3 of the Dungeon.
             The game lasted 00:00:13 (1945 turns).

qw the Skirmisher (Deep Elf Hunter)                 Turns: 1945, Time: 00:00:14

Health: 0/29       AC: -1    Str: 15      XL:     5   Next: 1%
Magic:  7/7        EV: 14    Int: 13 (14) God:
Gold:   130        SH:  0    Dex: 25 (26) Spells: 4/4 levels left

rFire   . . .        a - +0 shortbow
rCold   x . .        (shield currently unavailable)
rNeg    . . .        m - +2 leather armour of Hospitality {*Corrode rC- Str+5 Dex+8}
rPois   .            l - +0 helmet
rElec   .            j - +0 cloak
rCorr   .            (no gloves)
SInv    .            (no boots)
Will    .....        (no amulet)
Stlth   +            (no ring)
HPRegen 0.24/turn    (no ring)
MPRegen 0.10/turn

%: corrode self (3%)
@: on fire, corroded, glowing
A: no striking features
a: no special abilities


You were on level 3 of the Dungeon.
You visited 1 branch of the dungeon, and saw 3 of its levels.

You collected 130 gold pieces.


   Skills:
 - Level 1.5 Fighting
 + Level 8.1 Ranged Weapons
 - Level 3.1 Dodging
 - Level 1.2 Stealth


You had 4 spell levels left.
You didn't know any spells.
Your spell library was empty.

Inventory:

Hand Weapons
 a - a +0 shortbow (weapon)
Armour
 j - a +0 cloak (worn)
 l - a +0 helmet (worn)
 m - the +2 leather armour of Hospitality (worn) {*Corrode rC- Str+5 Dex+8}
   (You found it on level 2 of the Dungeon)

   Str+5:     It affects your strength (+5).
   Dex+8:     It affects your dexterity (+8).
   rC-:       It makes you vulnerable to cold.
   *Corrode:  It may corrode you when you take damage.
Potions
 b - 3 potions of curing
 c - 3 potions of mutation {unknown}
 d - a potion of berserk rage {unknown}
 e - a potion of haste
 g - a potion of cancellation {unknown}
 h - a potion of heal wounds {unknown}
 i - a potion of attraction {unknown}

Dungeon Overview and Level Annotations

Branches:
Dungeon (3/15)

Altars:

Annotations:
D:2 1 runed translucent door, Crazy Yiuf


Message History

Enter note:
Enter note: You shoot an arrow.
The arrow hits the ball python.
You kill the ball python!
A bombardier beetle comes into view.
The bombardier beetle moves out of view.
Enter note: You shoot an arrow.
The arrow hits the bombardier beetle but does no damage.
You shoot an arrow.
The arrow hits the bombardier beetle but does no damage.
You shoot an arrow. The arrow hits the bombardier beetle!
The bombardier beetle is heavily wounded.
You shoot an arrow.
The arrow barely misses the bombardier beetle.
The bombardier beetle sprays incendiary fluid at you.
The burning spray hits you.
You are covered in liquid fire!
You shoot an arrow.
The arrow hits the bombardier beetle but does no damage.
The bombardier beetle is heavily wounded.
The liquid fire burns you!
Your corrosive artefact corrodes you!
You shoot an arrow. The arrow hits the bombardier beetle.
The bombardier beetle is severely wounded.
The liquid fire burns you!
You shoot an arrow. The arrow hits the bombardier beetle!
You kill the bombardier beetle!
The liquid fire burns you!
Your corrosive artefact corrodes you!
You feel your intelligence returning.
You feel your dexterity returning.
Your Ranged Weapons skill increases to level 8!
You have reached level 5!
You are on fire!
The liquid fire burns you!
You are on fire!
The liquid fire burns you!
You are on fire!
The liquid fire burns you!
You die...

...####.#.###.## ........#.######
...###.##......# #.###### #.##
#.#######.# #....... #.# #.# #.#
### #..####. #.# #.# #.# #.%.#
#^.####. #.####.## #.# #.# #.#
#..#.... #.......# #.##%#
#.##..#.##. ######..######.#@#
#.#..#.##. #....>.##.#.#
#......... ##.###.##.#.##
##.#..##### ## #># #.##.##.##
##.##..)# .# #.#
#.##.###.###.####..# .# #[#
#.#...###..)#####..###
.######.###.#.#................##
............#...###...###.#......
.........######## #.#..##......##


There were no monsters in sight!

Vanquished Creatures
  A bombardier beetle (D:3)
  4 adders
  A dart slug (D:2)
  An orc (D:3)
  8 ball pythons
  6 endoplasms
  6 giant cockroaches
  3 goblins (D:1)
  6 hobgoblins
  4 quokkas
  5 bats
  3 frilled lizards (D:2)
  4 kobolds
  4 rats
56 creatures vanquished.

Notes
Turn   | Place    | Note
-------+----------+-------------------------------------------
     0 | D:1      | qw the Deep Elf Hunter began the quest for the Orb.
     0 | D:1      | Reached XP level 1. HP: 12/12 MP: 3/3
     0 | D:1      | 0 ||| qw: Version: 0.3-a-160-g6735b56
     0 | D:1      | 0 ||| qw: Game counter: 5219
     0 | D:1      | 0 ||| qw: Melee chars always use a shield: true
     0 | D:1      | 0 ||| qw: God list: Okawaru
     0 | D:1      | 0 ||| qw: Allow faded altars: false
     0 | D:1      | 0 ||| qw: Do Orc after clearing Dungeon:15 true
     0 | D:1      | 0 ||| qw: Do second Lair branch before Depths: true
     0 | D:1      | 0 ||| qw: Lair rune preference: random
     0 | D:1      | 0 ||| qw: Goals: Normal
     0 | D:1      | 0 ||| PLANNING D:1-11
     1 | D:1      | Noticed an elf
     4 | D:1      | Noticed an elf
     7 | D:1      | Noticed a djinni
     9 | D:1      | Noticed an elf
    13 | D:1      | Noticed a barachi
    21 | D:1      | Noticed a felid
   108 | D:1      | Found a faded altar of an unknown god.
   235 | D:1      | Reached skill level 6 in Ranged Weapons
   235 | D:1      | Reached XP level 2. HP: 16/16 MP: 4/4
   463 | D:1      | 463 ||| UPGRADING to +0 ring mail.
   473 | D:1      | 473 ||| DROPPING +0 leather armour.
   474 | D:1      | 474 ||| DROPPING scarf of invisibility.
   475 | D:1      | 475 ||| READING scroll labelled COSESEXIMA.
   475 | D:1      | 475 ||| ENCHANTING +0 ring mail.
   476 | D:1      | 476 ||| READING scroll labelled OCHOEP RUKUS.
   481 | D:1      | 481 ||| DRINKING 2 yellow potions.
   482 | D:1      | 482 ||| DROPPING scroll of butterflies.
   483 | D:1      | 483 ||| DROPPING potion of degeneration.
   484 | D:1      | 484 ||| Stepping randomly (stuck).
   485 | D:1      | 485 ||| Stepping randomly (stuck).
   486 | D:1      | 486 ||| Stepping randomly (stuck).
   487 | D:1      | 487 ||| Stepping randomly (stuck).
   488 | D:1      | 488 ||| Stepping randomly (stuck).
   489 | D:1      | 489 ||| Stepping randomly (stuck).
   490 | D:1      | 490 ||| Stepping randomly (stuck).
   491 | D:1      | 491 ||| Stepping randomly (stuck).
   492 | D:1      | 492 ||| Stepping randomly (stuck).
   493 | D:1      | 493 ||| Stepping randomly (stuck).
   494 | D:1      | 494 ||| Stepping randomly (stuck).
   495 | D:1      | 495 ||| Stepping randomly (stuck).
   496 | D:1      | 496 ||| Stepping randomly (stuck).
   497 | D:1      | 497 ||| Stepping randomly (stuck).
   498 | D:1      | 498 ||| Stepping randomly (stuck).
   499 | D:1      | 499 ||| Stepping randomly (stuck).
   500 | D:1      | 500 ||| Stepping randomly (stuck).
   501 | D:1      | 501 ||| Stepping randomly (stuck).
   502 | D:1      | 502 ||| Stepping randomly (stuck).
   503 | D:1      | 503 ||| Stepping randomly (stuck).
   504 | D:1      | 504 ||| Stepping randomly (stuck).
   505 | D:1      | 505 ||| Stepping randomly (stuck).
   506 | D:1      | 506 ||| Stepping randomly (stuck).
   507 | D:1      | 507 ||| Stepping randomly (stuck).
   508 | D:1      | 508 ||| Stepping randomly (stuck).
   509 | D:1      | 509 ||| Stepping randomly (stuck).
   510 | D:1      | 510 ||| Stepping randomly (stuck).
   511 | D:1      | 511 ||| Stepping randomly (stuck).
   513 | D:1      | 513 ||| Stepping randomly (stuck).
   514 | D:1      | 514 ||| Stepping randomly (stuck).
   515 | D:1      | 515 ||| Stepping randomly (stuck).
   516 | D:1      | 516 ||| Stepping randomly (stuck).
   517 | D:1      | 517 ||| Stepping randomly (stuck).
   518 | D:1      | 518 ||| Stepping randomly (stuck).
   519 | D:1      | 519 ||| Stepping randomly (stuck).
   520 | D:1      | 520 ||| Stepping randomly (stuck).
   521 | D:1      | 521 ||| Stepping randomly (stuck).
   522 | D:1      | 522 ||| Stepping randomly (stuck).
   523 | D:1      | 523 ||| Stepping randomly (stuck).
   524 | D:1      | 524 ||| Stepping randomly (stuck).
   525 | D:1      | 525 ||| Stepping randomly (stuck).
   526 | D:1      | 526 ||| Stepping randomly (stuck).
   527 | D:1      | 527 ||| Stepping randomly (stuck).
   528 | D:1      | 528 ||| Stepping randomly (stuck).
   529 | D:1      | 529 ||| Stepping randomly (stuck).
   530 | D:1      | 530 ||| Stepping randomly (stuck).
   531 | D:1      | 531 ||| Stepping randomly (stuck).
   532 | D:1      | 532 ||| Stepping randomly (stuck).
   533 | D:1      | 533 ||| Stepping randomly (stuck).
   534 | D:1      | 534 ||| Stepping randomly (stuck).
   535 | D:1      | 535 ||| Stepping randomly (stuck).
   536 | D:1      | 536 ||| Stepping randomly (stuck).
   537 | D:1      | 537 ||| Stepping randomly (stuck).
   538 | D:1      | 538 ||| Stepping randomly (stuck).
   539 | D:1      | 539 ||| Stepping randomly (stuck).
   540 | D:1      | 540 ||| Stepping randomly (stuck).
   541 | D:1      | 541 ||| Stepping randomly (stuck).
   542 | D:1      | 542 ||| Stepping randomly (stuck).
   543 | D:1      | 543 ||| Stepping randomly (stuck).
   544 | D:1      | 544 ||| Stepping randomly (stuck).
   545 | D:1      | 545 ||| Stepping randomly (stuck).
   546 | D:1      | 546 ||| Stepping randomly (stuck).
   547 | D:1      | 547 ||| Stepping randomly (stuck).
   548 | D:1      | 548 ||| Stepping randomly (stuck).
   549 | D:1      | 549 ||| Stepping randomly (stuck).
   550 | D:1      | 550 ||| Stepping randomly (stuck).
   551 | D:1      | 551 ||| Stepping randomly (stuck).
   552 | D:1      | 552 ||| Stepping randomly (stuck).
   553 | D:1      | 553 ||| Stepping randomly (stuck).
   554 | D:1      | 554 ||| Stepping randomly (stuck).
   555 | D:1      | 555 ||| Stepping randomly (stuck).
   556 | D:1      | 556 ||| Stepping randomly (stuck).
   557 | D:1      | 557 ||| Stepping randomly (stuck).
   558 | D:1      | 558 ||| Stepping randomly (stuck).
   559 | D:1      | 559 ||| Stepping randomly (stuck).
   560 | D:1      | 560 ||| Stepping randomly (stuck).
   561 | D:1      | 561 ||| Stepping randomly (stuck).
   562 | D:1      | 562 ||| Stepping randomly (stuck).
   563 | D:1      | 563 ||| Stepping randomly (stuck).
   564 | D:1      | 564 ||| Stepping randomly (stuck).
   565 | D:1      | 565 ||| Stepping randomly (stuck).
   566 | D:1      | 566 ||| Stepping randomly (stuck).
   567 | D:1      | 567 ||| Stepping randomly (stuck).
   568 | D:1      | 568 ||| Stepping randomly (stuck).
   569 | D:1      | 569 ||| Stepping randomly (stuck).
   570 | D:1      | 570 ||| Stepping randomly (stuck).
   571 | D:1      | 571 ||| Stepping randomly (stuck).
   572 | D:1      | 572 ||| Stepping randomly (stuck).
   573 | D:1      | 573 ||| Stepping randomly (stuck).
   574 | D:1      | 574 ||| Stepping randomly (stuck).
   575 | D:1      | 575 ||| Stepping randomly (stuck).
   576 | D:1      | 576 ||| Stepping randomly (stuck).
   577 | D:1      | 577 ||| Stepping randomly (stuck).
   578 | D:1      | 578 ||| Stepping randomly (stuck).
   579 | D:1      | 579 ||| Stepping randomly (stuck).
   580 | D:1      | 580 ||| Stepping randomly (stuck).
   581 | D:1      | 581 ||| Stepping randomly (stuck).
   582 | D:1      | 582 ||| Stepping randomly (stuck).
   583 | D:1      | 583 ||| Stepping randomly (stuck).
   584 | D:1      | 584 ||| Stepping randomly (stuck).
   585 | D:1      | 585 ||| Stepping randomly (stuck).
   586 | D:1      | 586 ||| Stepping randomly (stuck).
   587 | D:1      | 587 ||| Stepping randomly (stuck).
   588 | D:1      | 588 ||| Stepping randomly (stuck).
   589 | D:1      | 589 ||| Stepping randomly (stuck).
   590 | D:1      | 590 ||| Stepping randomly (stuck).
   591 | D:1      | 591 ||| Stepping randomly (stuck).
   592 | D:1      | 592 ||| Stepping randomly (stuck).
   593 | D:1      | 593 ||| Stepping randomly (stuck).
   594 | D:1      | 594 ||| Stepping randomly (stuck).
   595 | D:1      | 595 ||| Stepping randomly (stuck).
   596 | D:1      | 596 ||| Stepping randomly (stuck).
   597 | D:1      | 597 ||| Stepping randomly (stuck).
   598 | D:1      | 598 ||| Stepping randomly (stuck).
   599 | D:1      | 599 ||| Stepping randomly (stuck).
   600 | D:1      | 600 ||| Stepping randomly (stuck).
   601 | D:1      | 601 ||| Stepping randomly (stuck).
   602 | D:1      | 602 ||| Stepping randomly (stuck).
   603 | D:1      | 603 ||| Stepping randomly (stuck).
   604 | D:1      | 604 ||| Stepping randomly (stuck).
   605 | D:1      | 605 ||| Stepping randomly (stuck).
   606 | D:1      | 606 ||| Stepping randomly (stuck).
   607 | D:1      | 607 ||| Stepping randomly (stuck).
   608 | D:1      | 608 ||| Stepping randomly (stuck).
   609 | D:1      | 609 ||| Stepping randomly (stuck).
   610 | D:1      | 610 ||| Stepping randomly (stuck).
   611 | D:1      | 611 ||| Stepping randomly (stuck).
   612 | D:1      | 612 ||| Stepping randomly (stuck).
   613 | D:1      | 613 ||| Stepping randomly (stuck).
   614 | D:1      | 614 ||| Stepping randomly (stuck).
   615 | D:1      | 615 ||| Stepping randomly (stuck).
   616 | D:1      | 616 ||| Stepping randomly (stuck).
   617 | D:1      | 617 ||| Stepping randomly (stuck).
   618 | D:1      | 618 ||| Stepping randomly (stuck).
   619 | D:1      | 619 ||| Stepping randomly (stuck).
   620 | D:1      | 620 ||| Stepping randomly (stuck).
   621 | D:1      | 621 ||| Stepping randomly (stuck).
   622 | D:1      | 622 ||| Stepping randomly (stuck).
   623 | D:1      | 623 ||| Stepping randomly (stuck).
   624 | D:1      | 624 ||| Stepping randomly (stuck).
   625 | D:1      | 625 ||| Stepping randomly (stuck).
   626 | D:1      | 626 ||| Stepping randomly (stuck).
   627 | D:1      | 627 ||| Stepping randomly (stuck).
   628 | D:1      | 628 ||| Stepping randomly (stuck).
   629 | D:1      | 629 ||| Stepping randomly (stuck).
   630 | D:1      | 630 ||| Stepping randomly (stuck).
   631 | D:1      | 631 ||| Stepping randomly (stuck).
   632 | D:1      | 632 ||| Stepping randomly (stuck).
   633 | D:1      | 633 ||| Stepping randomly (stuck).
   634 | D:1      | 634 ||| Stepping randomly (stuck).
   635 | D:1      | 635 ||| Stepping randomly (stuck).
   636 | D:1      | 636 ||| Stepping randomly (stuck).
   637 | D:1      | 637 ||| Stepping randomly (stuck).
   638 | D:1      | 638 ||| Stepping randomly (stuck).
   639 | D:1      | 639 ||| Stepping randomly (stuck).
   640 | D:1      | 640 ||| Stepping randomly (stuck).
   641 | D:1      | 641 ||| Stepping randomly (stuck).
   642 | D:1      | 642 ||| Stepping randomly (stuck).
   643 | D:1      | 643 ||| Stepping randomly (stuck).
   644 | D:1      | 644 ||| Stepping randomly (stuck).
   645 | D:1      | 645 ||| Stepping randomly (stuck).
   646 | D:1      | 646 ||| Stepping randomly (stuck).
   647 | D:1      | 647 ||| Stepping randomly (stuck).
   648 | D:1      | 648 ||| Stepping randomly (stuck).
   649 | D:1      | 649 ||| Stepping randomly (stuck).
   650 | D:1      | 650 ||| Stepping randomly (stuck).
   651 | D:1      | 651 ||| Stepping randomly (stuck).
   652 | D:1      | 652 ||| Stepping randomly (stuck).
   653 | D:1      | 653 ||| Stepping randomly (stuck).
   654 | D:1      | 654 ||| Stepping randomly (stuck).
   655 | D:1      | 655 ||| Stepping randomly (stuck).
   656 | D:1      | 656 ||| Stepping randomly (stuck).
   657 | D:1      | 657 ||| Stepping randomly (stuck).
   747 | D:1      | 747 ||| READING scroll of enchant armour.
   747 | D:1      | 747 ||| ENCHANTING +1 ring mail.
   748 | D:1      | 748 ||| DRINKING 2 fizzy red potions.
   767 | D:2      | 767 ||| STAIRDANCE
   781 | D:2      | Reached XP level 3. HP: 13/20 MP: 5/5
   955 | D:2      | Reached skill level 7 in Ranged Weapons
  1043 | D:2      | 1043 ||| FLEEEEING.
  1044 | D:2      | 1044 ||| FLEEEEING.
  1072 | D:2      | Found a runed translucent door.
  1073 | D:2      | Noticed Crazy Yiuf
  1275 | D:2      | Identified the +2 leather armour of Hospitality {*Corrode
                  | rC- Str+5 Dex+8}
  1368 | D:2      | Reached XP level 4. HP: 18/25 MP: 6/6
  1486 | D:2      | 1486 ||| UPGRADING to +0 cloak.
  1491 | D:2      | 1491 ||| UPGRADING to +0 helmet.
  1496 | D:2      | 1496 ||| UPGRADING to +2 leather armour of Hospitality
                  | {*Corrode rC- Str+5 Dex+8}.
  1506 | D:2      | 1506 ||| DROPPING +2 ring mail.
  1507 | D:2      | 1507 ||| READING scroll labelled DUSAOVV UMMIRIW.
  1508 | D:2      | 1508 ||| READING scroll labelled FUURRONKEZ.
  1508 | D:2      | 1508 ||| IDENTIFYING fizzy black potion
  1835 | D:3      | Reached skill level 3 in Dodging
  1943 | D:3      | Reached skill level 8 in Ranged Weapons
  1943 | D:3      | Reached XP level 5. HP: 14/29 MP: 7/7
  1944 | D:3      | HP: 6/29 [burnt (3)]
  1945 | D:3      | Incinerated by a bombardier beetle

Levels and vault maps discovered:
D:1:      shiori_arrival_whats_in_store_for_you, layout_loops_ring,
          shapermc_ecumenical_altar_flowoftime, minmay_misc_feat_chi,
          nrook_mini_backslash, minmay_tiny_reverse_x
D:2:      layout_rooms, uniq_crazy_yiuf_cottage
D:3:      layout_loops_ring

Skill      XL: |  1  2  3  4 |
---------------+-------------+-----
Ranged Weapons | 6 7 8 |  8.1
Dodging        | 3 |  3.1
Fighting       | |  1.5
Stealth        | |  1.2

Action                     |  1- 3 |  4- 6 || total
---------------------------+-------+-------++-------
   Fire: Shortbow          |   115 |    41 ||   156
    Use: Scroll            |     3 |     2 ||     5
         Potion            |     2 |       ||     2
 Armour: Leather armour    |     3 |       ||     3
         Ring mail         |    33 |       ||    33
  Dodge: Dodged            |    25 |     1 ||    26

Table legend:
 A = Non-vault XP
 B = Vault XP
 C = Vault XP percentage of total XP
 D = Non-vault monster count
 E = Vault monster count
 F = Vault count percentage of total count
                 A         B        C        D         E       F
            +---------+---------+-------+---------+---------+-------
      Total |     195 |       3 |   1.5 |      54 |       2 |   3.6
            +---------+---------+-------+---------+---------+-------
        D:1 |      36 |       3 |   7.7 |      20 |       2 |   9.1
        D:2 |      69 |       0 |   0.0 |      19 |       0 |   0.0
        D:3 |      90 |       0 |   0.0 |      15 |       0 |   0.0
            +---------+---------+-------+---------+---------+-------
